EL
PITTSFIELD COLONIALS @ READING PHILLIES
09/09/1982
 
TOP OF THE 1ST
Pittsfield Colonials batting - Pitching for Reading Phillies : RHP Tim Burke
Pitching: RHP Tim Burke
Batting: SHB Steve Scafa 0-0: Called Strike
0-1: Ball
1-1: Ball
2-1: Foul Ball, location: 2F
2-2: Ball
3-2: Fly out, F5 (Popup, 25F, EV 88.8 MPH)
Batting: SHB Felipe Gracia 0-0: Ball
1-0: Foul Ball, location: 2F
1-1: Foul Ball, location: 2F
1-2: Foul Ball, location: 2F
1-2: Foul Ball, location: 2F
1-2: Fly out, F8 (Flyball, 8RXD, EV 101.3 MPH)
Batting: LHB Terry Francona 0-0: SINGLE (Groundball, 23, EV 68.8 MPH) (infield hit)
Batting: RHB Shawon Dunston 0-0: Ball
1-0: Ball
2-0: Swinging Strike
2-1: Ball
3-1: SINGLE (Line Drive, 3D, EV 96.9 MPH)
Terry Francona to second
Runner from 2nd tries for 3rd, SAFE, throw by RF made to third
Batting: RHB Mike Brewer 0-0: Ball
1-0: Ball
2-0: Swinging Strike
2-1: Foul Ball, location: 2F
2-2: Fly out, F8 (Flyball, 8RD, EV 103.8 MPH)
Top of the 1st over - 0 runs, 2 hits, 0 errors, 2 left on base; Pittsfield 0 - Reading 0
BOTTOM OF THE 1ST
Reading Phillies batting - Pitching for Pittsfield Colonials : RHP Carlos Ruiz
Pitching: RHP Carlos Ruiz
Batting: LHB George Johnson 0-0: Called Strike
0-1: Foul Ball, location: 2F
0-2: Ball
1-2: Ball
2-2: Foul Ball, location: 2F
2-2: Ball
3-2: Fly out, F8 (Line Drive, 8RM, EV 94.4 MPH)
Batting: RHB Mark Sproesser 0-0: Ball
1-0: SINGLE (Groundball, 34D, EV 100.6 MPH)
Batting: LHB Paul Hertzler 0-0: Ball
1-0: Swinging Strike
1-1: Called Strike
1-2: Foul Ball, location: 2F
1-2: Fielders Choice at 2nd, 4-6 (Groundball, 4, EV 85.6 MPH)
Batting: LHB Martino Martin 0-0: Called Strike
0-1: Ball
Paul Hertzler is caught stealing 2nd base 2-6
Bottom of the 1st over - 0 runs, 1 hit, 0 errors, 0 left on base; Pittsfield 0 - Reading 0
TOP OF THE 2ND
Pittsfield Colonials batting - Pitching for Reading Phillies : RHP Tim Burke
Batting: LHB James Wojcik 0-0: Foul Ball, location: 2F
0-1: SINGLE (Flyball, 5D, EV 89.4 MPH)
Batting: SHB David Enos 0-0: Called Strike
0-1: SINGLE (Groundball, 56D, EV 100.6 MPH)
James Wojcik to second
Runner from 2nd tries for 3rd, SAFE, throw by LF made to third
Batting: LHB Dave Holt 0-0: Ball
1-0: Foul Ball, location: 2F
1-1: Foul Ball, location: 2F
1-2: Grounds into double play, 6-4-3 (Groundball, 6, EV 83.8 MPH)
James Wojcik scores
Batting: RHB Glenn Hoffman 0-0: Ball
1-0: Ball
2-0: Called Strike
2-1: SINGLE (Groundball, 56D, EV 100.6 MPH)
Batting: SHB Steve Scafa 0-0: Foul Ball, location: 2F
0-1: Ball
1-1: Called Strike
1-2: Foul Ball, location: 2F
1-2: Ball
2-2: Foul Ball, location: 2F
2-2: Ground out U3 (Groundball, 34, EV 96.9 MPH)
Top of the 2nd over - 1 run, 3 hits, 0 errors, 1 left on base; Pittsfield 1 - Reading 0
BOTTOM OF THE 2ND
Reading Phillies batting - Pitching for Pittsfield Colonials : RHP Carlos Ruiz
Batting: LHB Martino Martin 0-0: Swinging Strike
0-1: Foul Ball, location: 2F
0-2: Foul Ball, location: 2F
0-2: Ball
1-2: Ball
2-2: Strikes out swinging
Batting: SHB Doug Baker 0-0: Ball
1-0: Fly out, F8 (Flyball, 8RD, EV 101.3 MPH)
Batting: RHB Ricardo Rivera 0-0: Swinging Strike
0-1: Called Strike
0-2: Ball
1-2: Ball
2-2: Ground out 6-3 (Groundball, P, EV 88.1 MPH)
Bottom of the 2nd over - 0 runs, 0 hits, 0 errors, 0 left on base; Pittsfield 1 - Reading 0
TOP OF THE 3RD
Pittsfield Colonials batting - Pitching for Reading Phillies : RHP Tim Burke
Batting: SHB Felipe Gracia 0-0: SINGLE (Groundball, 4MD, EV 102.5 MPH) (infield hit)
Batting: LHB Terry Francona 0-0: Swinging Strike
Felipe Gracia is caught stealing 2nd base 2-6
0-1: Ball
1-1: Fly out, F8 (Flyball, 8LM, EV 86.3 MPH)
Batting: RHB Shawon Dunston 0-0: Fly out, F9 (Flyball, 89D, EV 103.1 MPH)
Top of the 3rd over - 0 runs, 1 hit, 0 errors, 0 left on base; Pittsfield 1 - Reading 0
BOTTOM OF THE 3RD
Reading Phillies batting - Pitching for Pittsfield Colonials : RHP Carlos Ruiz
Batting: RHB Thomas Thompson 0-0: Ball
1-0: Bunted foul
1-1: Called Strike
1-2: Ball
2-2: Ball
3-2: Ground out U3 (Groundball, 34, EV 98.8 MPH)
Batting: RHB Gabe Morales 0-0: Swinging Strike
0-1: SOLO HOME RUN (Flyball, 7D, EV 95.6 MPH), Distance : 365 ft
Batting: RHB Gary Roenicke 0-0: Ball
1-0: Ball
2-0: SOLO HOME RUN (Flyball, 7D, EV 96.3 MPH), Distance : 378 ft
Batting: LHB George Johnson 0-0: SINGLE (Flyball, 8LS, EV 95.6 MPH)
Batting: RHB Mark Sproesser 0-0: SINGLE (Groundball, 56D, EV 106.3 MPH)
George Johnson to second
Batting: LHB Paul Hertzler 0-0: Ball
1-0: Ball
2-0: Swinging Strike
2-1: Fly out, F9 (Line Drive, 9, EV 97.5 MPH)
Batting: LHB Martino Martin 0-0: Called Strike
0-1: SINGLE (Groundball, 34D, EV 101.3 MPH)
George Johnson to third
Mark Sproesser to second
Runner from 3rd tries for Home, SAFE, throw by RF to home
Batting: SHB Doug Baker 0-0: Called Strike
0-1: Called Strike
0-2: Foul Ball, location: 2F
0-2: Ball
1-2: Strikes out swinging
Bottom of the 3rd over - 3 runs, 5 hits, 0 errors, 2 left on base; Pittsfield 1 - Reading 3
TOP OF THE 4TH
Pittsfield Colonials batting - Pitching for Reading Phillies : RHP Tim Burke
Batting: RHB Mike Brewer 0-0: Ground out U3 (Groundball, 3L, EV 78.1 MPH)
Batting: LHB James Wojcik 0-0: Ball
1-0: Called Strike
1-1: Ground out 6-3 (Groundball, 6, EV 88.8 MPH)
Batting: SHB David Enos 0-0: Ball
1-0: Foul Ball, location: 2F
1-1: Ball
2-1: Foul Ball, location: 2F
2-2: Ball
3-2: Fly out, F8 (Flyball, 8LM, EV 91.9 MPH)
Top of the 4th over - 0 runs, 0 hits, 0 errors, 0 left on base; Pittsfield 1 - Reading 3
BOTTOM OF THE 4TH
Reading Phillies batting - Pitching for Pittsfield Colonials : RHP Carlos Ruiz
Batting: RHB Ricardo Rivera 0-0: Called Strike
0-1: Ball
1-1: Ball
2-1: Ball
3-1: Base on Balls
Batting: RHB Thomas Thompson 0-0: Called Strike
0-1: Ball
1-1: Ball
2-1: Ball
3-1: Called Strike
3-2: Base on Balls
Ricardo Rivera to second
Batting: RHB Gabe Morales 0-0: Called Strike
0-1: Ball
1-1: Foul Ball, location: 2F
1-2: Grounds into double play, 6-4-3 (Groundball, 6, EV 85.0 MPH)
Ricardo Rivera to third
Batting: RHB Gary Roenicke 0-0: Ball
1-0: Foul Ball, location: 2F
1-1: Swinging Strike
1-2: SINGLE (Flyball, 4D, EV 86.9 MPH)
Ricardo Rivera scores
Batting: LHB George Johnson 0-0: Foul Ball, location: 2F
0-1: Fly out, F9 (Flyball, 9D, EV 95.6 MPH)
Bottom of the 4th over - 1 run, 1 hit, 0 errors, 1 left on base; Pittsfield 1 - Reading 4
TOP OF THE 5TH
Pittsfield Colonials batting - Pitching for Reading Phillies : RHP Tim Burke
Batting: LHB Dave Holt 0-0: Called Strike
0-1: Ball
1-1: Called Strike
1-2: Foul Ball, location: 2F
1-2: Foul Ball, location: 2F
1-2: Ball
2-2: Ball
3-2: Base on Balls
Batting: RHB Glenn Hoffman 0-0: Ball
1-0: Ball
2-0: Bunted foul
2-1: Bunt missed!
2-2: Ball
3-2: Strikes out swinging
Batting: SHB Steve Scafa 0-0: Ball
1-0: Swinging Strike
1-1: Foul Ball, location: 2F
1-2: Strikes out swinging
Batting: SHB Felipe Gracia 0-0: Called Strike
0-1: Ball
Pickoff Throw to First - Out! 1-3
Top of the 5th over - 0 runs, 0 hits, 0 errors, 0 left on base; Pittsfield 1 - Reading 4
BOTTOM OF THE 5TH
Reading Phillies batting - Pitching for Pittsfield Colonials : RHP Carlos Ruiz
Batting: RHB Mark Sproesser 0-0: Ball
1-0: Ground out 1-3 (Groundball, 34S, EV 62.5 MPH)
Batting: LHB Paul Hertzler 0-0: Ball
1-0: Ball
2-0: Ground out U3 (Groundball, 34, EV 85.6 MPH)
Batting: LHB Martino Martin 0-0: Called Strike
0-1: Ball
1-1: Foul Ball, location: 2F
1-2: Foul Ball, location: 2F
1-2: Ball
2-2: DOUBLE (Line Drive, 78D, EV 107.5 MPH)
Batting: SHB Doug Baker 0-0: Called Strike
0-1: Ball
1-1: Ball
2-1: SINGLE (Line Drive, 6D, EV 100.0 MPH)
Martino Martin to third
Runner from 3rd tries for Home, SAFE, throw by CF to home
Pitching: RHP Dwight Lewis
Batting: RHB Ricardo Rivera 0-0: Foul Ball, location: 2F
0-1: Fielders Choice at 2nd, 5-4 (Groundball, 56, EV 78.1 MPH)
Bottom of the 5th over - 1 run, 2 hits, 0 errors, 1 left on base; Pittsfield 1 - Reading 5
TOP OF THE 6TH
Pittsfield Colonials batting - Pitching for Reading Phillies : RHP Tim Burke
Batting: SHB Felipe Gracia 0-0: Ball
1-0: Ground out 6-3 (Groundball, 6M, EV 109.4 MPH)
Batting: LHB Terry Francona 0-0: Foul Ball, location: 2F
0-1: Ball
1-1: DOUBLE (Groundball, 3L, EV 107.5 MPH)
Batting: RHB Shawon Dunston 0-0: Called Strike
0-1: Reached on error, E5 (Groundball, 56, EV 80.0 MPH)
Terry Francona to third
Batting: RHB Mike Brewer 0-0: Called Strike
0-1: Ball
1-1: Ball
Wild Pitch!
Terry Francona scores
Shawon Dunston to second
2-1: Foul Ball, location: 2F
2-2: 2-RUN HOME RUN (Flyball, 9LD, EV 114.4 MPH), Distance : 360 ft
Batting: LHB James Wojcik 0-0: Ground out 5-3 (Groundball, 5, EV 86.9 MPH)
Batting: SHB David Enos 0-0: Ball
1-0: Called Strike
1-1: Swinging Strike
1-2: Ball
2-2: Ball
3-2: Foul Ball, location: 2F
3-2: Base on Balls
Batting: LHB Dave Holt 0-0: Ball
1-0: Called Strike
1-1: Ball
2-1: Ball
3-1: Base on Balls
David Enos to second
Batting: RHB Glenn Hoffman 0-0: Ball
1-0: Fielders Choice at 2nd, 5-4 (Groundball, 5, EV 108.1 MPH)
Top of the 6th over - 3 runs, 2 hits, 1 error, 2 left on base; Pittsfield 4 - Reading 5
BOTTOM OF THE 6TH
Reading Phillies batting - Pitching for Pittsfield Colonials : RHP Dwight Lewis
Batting: RHB Thomas Thompson 0-0: Ball
1-0: Ball
2-0: Ball
3-0: Base on Balls
Batting: RHB Gabe Morales 0-0: Sac Bunt to 13 - play at first, batter OUT! 1-4
Thomas Thompson to second
Batting: RHB Gary Roenicke 0-0: Called Strike
0-1: Called Strike
0-2: Ball
1-2: Foul Ball, location: 2F
1-2: Strikes out swinging
Batting: LHB George Johnson 0-0: Ball
1-0: Called Strike
1-1: Foul Ball, location: 2F
1-2: Foul Ball, location: 2F
1-2: Ball
2-2: Foul Ball, location: 2F
2-2: Ground out U3 (Groundball, 3, EV 86.9 MPH)
Bottom of the 6th over - 0 runs, 0 hits, 0 errors, 1 left on base; Pittsfield 4 - Reading 5
TOP OF THE 7TH
Pittsfield Colonials batting - Pitching for Reading Phillies : RHP Tim Burke
Batting: SHB Steve Scafa 0-0: Ball
1-0: Swinging Strike
1-1: Ball
2-1: Foul Ball, location: 2F
2-2: Ball
3-2: Fly out, F8 (Flyball, 8LM, EV 81.3 MPH)
Batting: SHB Felipe Gracia 0-0: Called Strike
0-1: Foul Ball, location: 2F
0-2: Ground out 5-3 (Groundball, 5L, EV 99.4 MPH)
Batting: LHB Terry Francona 0-0: Ball
1-0: Swinging Strike
1-1: Called Strike
1-2: Ground out U3 (Groundball, 3, EV 80.0 MPH)
Top of the 7th over - 0 runs, 0 hits, 0 errors, 0 left on base; Pittsfield 4 - Reading 5
BOTTOM OF THE 7TH
Reading Phillies batting - Pitching for Pittsfield Colonials : RHP Dwight Lewis
Batting: RHB Mark Sproesser 0-0: Ball
1-0: Swinging Strike
1-1: Ball
2-1: Ground out 6-3 (Groundball, 6, EV 104.4 MPH)
Batting: LHB Paul Hertzler 0-0: Called Strike
0-1: Swinging Strike
0-2: Ball
1-2: Foul Ball, location: 2F
1-2: Foul Ball, location: 2F
1-2: Foul Ball, location: 2F
1-2: Ball
2-2: Foul Ball, location: 2F
2-2: Strikes out looking
Batting: LHB Martino Martin 0-0: Fly out, F7 (Flyball, 78M, EV 81.3 MPH)
Bottom of the 7th over - 0 runs, 0 hits, 0 errors, 0 left on base; Pittsfield 4 - Reading 5
TOP OF THE 8TH
Pittsfield Colonials batting - Pitching for Reading Phillies : RHP Tim Burke
Batting: RHB Shawon Dunston 0-0: Ball
1-0: Ball
2-0: Foul Ball, location: 2F
2-1: Ground out 6-3 (Groundball, 56S, EV 85.6 MPH)
Batting: RHB Mike Brewer 0-0: Swinging Strike
0-1: Foul Ball, location: 2F
0-2: Ball
1-2: Ball
2-2: Ball
3-2: Strikes out swinging
Batting: LHB James Wojcik 0-0: Ground out 6-3 (Groundball, 6, EV 84.4 MPH)
Top of the 8th over - 0 runs, 0 hits, 0 errors, 0 left on base; Pittsfield 4 - Reading 5
BOTTOM OF THE 8TH
Reading Phillies batting - Pitching for Pittsfield Colonials : RHP Dwight Lewis
Batting: SHB Doug Baker 0-0: Ball
1-0: Ball
2-0: Single, Error in OF, E9, batter to second base (Line Drive, 34D, EV 96.3 MPH)
Batting: RHB Ricardo Rivera 0-0: Called Strike
0-1: Ball
1-1: Ball
2-1: Foul Ball, location: 2F
2-2: Ball
3-2: Fly out, F6 (Line Drive, 6, EV 61.3 MPH)
Pitching: RHP Wesley Smith
Batting: RHB Thomas Thompson 0-0: Ball
1-0: Fly out, F8 (Flyball, 8LS, EV 88.1 MPH)
Batting: RHB Gabe Morales 0-0: Foul Ball, location: 2F
0-1: Ball
1-1: Ball
2-1: Ground out 5-3 (Groundball, 56, EV 83.8 MPH)
Bottom of the 8th over - 0 runs, 1 hit, 1 error, 1 left on base; Pittsfield 4 - Reading 5
TOP OF THE 9TH
Pittsfield Colonials batting - Pitching for Reading Phillies : RHP Tim Burke
Pitching: LHP Frank Treto
Now in RF: Pedro Rabassa
Batting: SHB David Enos 0-0: Foul Ball, location: 2F
0-1: Called Strike
0-2: Strikes out swinging
Pinch Hitting: RHB Fernando Marin 0-0: Swinging Strike
0-1: Ball
1-1: Ball
2-1: Foul Ball, location: 2F
2-2: Strikes out swinging
Pinch Hitting: RHB Steven Ramler 0-0: Foul Ball, location: 2F
0-1: Foul Ball, location: 2F
0-2: Ground out 6-3 (Groundball, 56, EV 90.0 MPH)
Top of the 9th over - 0 runs, 0 hits, 0 errors, 0 left on base; Pittsfield 4 - Reading 5
Friday, August 28th, 2020 - OOTP Baseball 21.5 Build 76